 Dungeon Crawl Stone Soup version 0.21.1-1-g345015fe64 (webtiles) character file.

921 P0NYSLAYSTATION the Slasher (level 8, -12/68 HPs)
             Began as a Hill Orc Fighter on June 15, 2018.
             Mangled by a cyan ugly thing (15 damage)
             ... on level 7 of the Dungeon.
             The game lasted 00:20:45 (3009 turns).

P0NYSLAYSTATION the Slasher (Hill Orc Fighter)      Turns: 3009, Time: 00:20:47

Health: -12/68     AC: 11    Str: 20    XL:     8   Next: 10%
Magic:  8/8        EV:  8    Int:  8    God:
Gold:   223        SH: 11    Dex: 13    Spells: 7/7 levels left

rFire    x . .     SeeInvis .   a - +0 long sword
rCold    + . .     Gourm    .   c - +1 shield
rNeg     + . .     Faith    .   b - +0 scale mail
rPois    .         Spirit   .   (no helmet)
rElec    .         Reflect  .   (no cloak)
rCorr    .         Harm     .   (no gloves)
MR       .....                  h - +0 pair of boots
Stlth    ..........             j - amulet of magic regeneration
HPRegen  0.21/turn              e - ring of positive energy
MPRegen  0.36/turn              d - ring of ice

@: about to teleport
A: iridescent scales 1, agile 1, shaggy fur 1
a: no special abilities


You were on level 7 of the Dungeon.
You were not hungry.

You visited 2 branches of the dungeon, and saw 8 of its levels.

You collected 223 gold pieces.

Inventory:

Hand Weapons
 a - a +0 long sword (weapon)
 g - a -3 mace
Armour
 b - a +0 scale mail (worn)
 c - a +1 shield (worn)
 h - a +0 pair of boots (worn)
Jewellery
 d - a ring of ice (right hand)
 e - a ring of positive energy (left hand)
 j - an amulet of magic regeneration (around neck)
 k - a -5 ring of strength
Wands
 r - a wand of polymorph (5)
Scrolls
 i - a scroll of remove curse
 m - a scroll of fog {unknown}
 n - a scroll of blinking
 p - a scroll of fear {unknown}
 t - a scroll of acquirement {unknown}
Potions
 l - 4 potions of brilliance
 o - a potion of curing {unknown}
 u - a potion of magic {unknown}
Books
 q - a book of Callings

   Spells                             Type                      Level
   a - Summon Small Mammal            Summoning                    1
   b - Call Imp                       Summoning                    2
   c - Call Canine Familiar           Summoning                    3
   d - Summon Guardian Golem          Hexes/Summoning              3
   e - Summon Lightning Spire         Summoning/Air                4
   f - Summon Ice Beast               Ice/Summoning                4
Comestibles
 f - 5 rations
 s - 10 chunks of flesh


   Skills:
 + Level 5.3 Fighting
 + Level 6.7 Long Blades
 + Level 5.3 Armour
 + Level 1.5 Dodging
 + Level 5.3 Shields


You had 7 spell levels left.
You didn't know any spells.

Dungeon Overview and Level Annotations

Branches:
Dungeon (7/15)             Temple (1/1) D:5

Altars:
Ashenzari
Cheibriados
Fedhas
Gozag
Kikubaaqudgha
Makhleb
Qazlal
Sif Muna
Uskayaw
Xom
Yredelemnul
Zin
The Shining One

Annotations:
D:6 1 transporter


Innate Abilities, Weirdness & Mutations

You are partially covered in iridescent scales. (AC +2)
You are agile. (Dex +2)
You are covered in fur. (AC +1)


Message History

The deep elf archer hits you but does no damage.
You block the cyan ugly thing's attack.
You miss the deep elf archer. You block the bullfrog's attack.
You block the deep elf archer's attack. The bullfrog hits you.
The cyan ugly thing gores you. The cyan ugly thing shocks you!
You hit the deep elf archer.
The deep elf archer is lightly wounded.
You block the bullfrog's attack.
The deep elf archer hits you with an uncursed short sword!
* * * LOW HITPOINT WARNING * * *
The cyan ugly thing gores you but does no damage.
You block the bullfrog's attack.
As you read the scroll of teleportation, it crumbles to dust.
You feel strangely unstable.
The deep elf archer hits you with an uncursed short sword!
* * * LOW HITPOINT WARNING * * *
The bullfrog barely misses you. The cyan ugly thing gores you.
* * * LOW HITPOINT WARNING * * *
The cyan ugly thing shocks you!
You die...

#####+#####
#......#..#
#.###.###.#
#..#...#..#
#####.###.###.##
##......#...#....
##.o###.###.###.##
#Fu## #..#...#..#
#@## #.###.###.#
#e# #..#....).#
#.# #####a######
... .F. #. ...
y#.#a #. ...##
...o... #. .... #.
u.. .## ..... .#
o8. #. ## ..(.. ##


You could see a cyan ugly thing, a deep elf archer, an orc warrior and a
bullfrog.

Vanquished Creatures
  2 ice beasts
  A centaur (D:5)
  A bullfrog (D:6)
  2 scorpions
  A howler monkey (D:5)
  A centaur zombie (D:5)
  3 crimson imps
  A centaur skeleton (D:2)
  2 bullfrog skeletons (D:5)
  An iguana (D:4)
  2 worker ants
  3 gnolls (D:7)
  4 adders
  A shadow imp (D:6)
  An ooze (D:1)
  2 adder zombies (D:5)
  4 worms
  3 dart slugs
  9 leopard geckos
  3 giant cockroaches
  5 goblins
  5 hobgoblins
  8 jackals
  5 kobolds
  7 bats
  6 frilled lizards
  A quokka skeleton (D:5)
  A quokka zombie (D:5)
  3 rats
88 creatures vanquished.

Vanquished Creatures (others)
  An orc (D:2)
1 creature vanquished.

Grand Total: 89 creatures vanquished

Notes
Turn   | Place    | Note
-------+----------+-------------------------------------------
     0 | D:1      | P0NYSLAYSTATION the Hill Orc Fighter began the quest for the Orb.
     0 | D:1      | Reached XP level 1. HP: 19/19 MP: 1/1
    75 | D:1      | Reached XP level 2. HP: 13/27 MP: 2/2
   429 | D:1      | Reached XP level 3. HP: 29/33 MP: 3/3
   745 | D:2      | Found an ancient bone altar of Kikubaaqudgha.
   858 | D:2      | Reached skill level 3 in Long Blades
   858 | D:2      | Reached XP level 4. HP: 23/40 MP: 4/4
  1054 | D:2      | HP: 2/40 [poisoned by an adder]
  1060 | D:2      | HP: 1/40 [poisoned by an adder]
  1339 | D:2      | Gained mutation: You are partially covered in iridescent scales. (AC +2) [potion of mutation]
  1339 | D:2      | Gained mutation: You are agile. (Dex +2) [potion of mutation]
  1339 | D:2      | Gained mutation: You are covered in fur. (AC +1) [potion of mutation]
  1566 | D:1      | Reached XP level 5. HP: 46/46 MP: 5/5
  1825 | D:4      | Reached skill level 4 in Long Blades
  1835 | D:4      | Found a glowing golden altar of the Shining One.
  1857 | D:5      | Entered Level 5 of the Dungeon
  2070 | D:5      | Reached XP level 6. HP: 52/53 MP: 6/6
  2103 | D:5      | Reached skill level 5 in Long Blades
  2182 | D:5      | Reached skill level 1 in Dodging
  2184 | D:5      | Noticed an ice beast
  2223 | D:5      | Found a staircase to the Ecumenical Temple.
  2231 | Temple   | Entered the Ecumenical Temple
  2239 | Temple   | Reached XP level 7. HP: 48/60 MP: 7/7
  2388 | D:5      | Reached skill level 5 in Fighting
  2388 | D:5      | Reached skill level 6 in Long Blades
  2579 | D:5      | Reached skill level 5 in Armour
  2667 | D:6      | Found a stormy altar of Qazlal.
  2667 | D:6      | Noticed a troll
  2677 | D:6      | Reached skill level 5 in Shields
  2685 | D:6      | Found an opulent altar of Gozag.
  2720 | D:6      | Found a transporter.
  2762 | D:6      | Reached XP level 8. HP: 38/68 MP: 8/8
  2978 | D:7      | Noticed a cyan ugly thing
  2998 | D:7      | Noticed a deep elf archer
  3009 | D:7      | HP: 3/68 [cyan ugly thing (5)]
  3009 | D:7      | Mangled by a cyan ugly thing

Skill      XL: |  1  2  3  4  5  6  7 |
---------------+----------------------+-----
Shields        | 4 5 |  5.3
Fighting       | 4 5 |  5.3
Long Blades    | 3 4 5 6 |  6.7
Armour         | 4 5 |  5.3
Dodging        | 1 |  1.5

Action                   |  1- 3 |  4- 6 |  7- 9 || total
-------------------------+-------+-------+-------++-------
Melee: Long sword        |   108 |   161 |   148 ||   417
  Use: Scroll            |     2 |     7 |     1 ||    10
       Potion            |       |     3 |       ||     3
  Eat: Ration            |       |     1 |     1 ||     2
       Chunk             |       |     1 |     1 ||     2
Armor: Scale mail        |    50 |    48 |    59 ||   157
Dodge: Dodged            |    34 |    48 |    28 ||   110
Block: Shield            |    48 |    87 |    77 ||   212
       Rpst.: Long sword |    12 |    17 |    11 ||    40
